3AAA
SCRANTON SUPERNOVAS @ BRINKLEY BELUGAS
07/17/2024
 
TOP OF THE 1ST
Scranton Supernovas batting - Pitching for Brinkley Belugas : LHP Terry King
Pitching: LHP Terry King
Batting: RHB Keith MacKey 0-0: Ball
1-0: Ball
2-0: Ground out 5-3 (Groundball, 5L)
Batting: SHB Alonso Solís 0-0: Ball
1-0: Called Strike
1-1: Foul Ball, location: 2F
1-2: Hit by Pitch
Batting: RHB Ethan Stanford 0-0: Foul Ball, location: 2F
0-1: Called Strike
0-2: Ball
1-2: Foul Ball, location: 2F
1-2: Ball
2-2: Ball
3-2: Grounds into double play, 4-6-3 (Groundball, 4)
Top of the 1st over - 0 run(s), 0 hit(s), 0 error(s), 0 left on base; Scranton 0 - Brinkley 0
BOTTOM OF THE 1ST
Brinkley Belugas batting - Pitching for Scranton Supernovas : LHP Sammy Nash
Pitching: LHP Sammy Nash
Batting: RHB Randy Tucker 0-0: Swinging Strike
0-1: Called Strike
0-2: Foul Ball, location: 2F
0-2: Ball
1-2: Ground out 5-3 (Groundball, 5)
Batting: RHB Alfonso Enríquez 0-0: Ground out 5-3 (Groundball, 56S)
Batting: RHB Sergio Ortíz 0-0: Ball
1-0: Called Strike
1-1: Called Strike
1-2: Strikes out swinging
Bottom of the 1st over - 0 run(s), 0 hit(s), 0 error(s), 0 left on base; Scranton 0 - Brinkley 0
TOP OF THE 2ND
Scranton Supernovas batting - Pitching for Brinkley Belugas : LHP Terry King
Batting: RHB Martín Álvarez 0-0: Swinging Strike
0-1: Ball
1-1: Ball
2-1: Ball
3-1: Called Strike
3-2: Foul Ball, location: 2F
3-2: Fly out, F9 (Line Drive, 89M)
Batting: LHB Steven Johnson 0-0: Ball
1-0: Ball
2-0: Called Strike
2-1: Called Strike
2-2: Strikes out swinging
Batting: LHB Pedro López 0-0: Foul Ball, location: 2F
0-1: Ground out 1-3 (Groundball, 13S)
Top of the 2nd over - 0 run(s), 0 hit(s), 0 error(s), 0 left on base; Scranton 0 - Brinkley 0
BOTTOM OF THE 2ND
Brinkley Belugas batting - Pitching for Scranton Supernovas : LHP Sammy Nash
Batting: RHB Pablo Alyala 0-0: Called Strike
0-1: Called Strike
0-2: Ball
1-2: Fly out, F9 (Flyball, 89S)
Batting: RHB Reggie Kahn 0-0: Ground out 5-3 (Groundball, 56)
Batting: RHB Arturo Read 0-0: Ball
1-0: Ball
2-0: SINGLE (Groundball, 4MD)
Batting: RHB Jaime López 0-0: Fielders Choice at 2nd, 5-4 (Groundball, 5)
Bottom of the 2nd over - 0 run(s), 1 hit(s), 0 error(s), 0 left on base; Scranton 0 - Brinkley 0
TOP OF THE 3RD
Scranton Supernovas batting - Pitching for Brinkley Belugas : LHP Terry King
Batting: RHB Henrique Shearman 0-0: Called Strike
0-1: Foul Ball, location: 2F
0-2: Hit by Pitch
Batting: LHB Neal Hart 0-0: Ball
1-0: Called Strike
1-1: Swinging Strike
1-2: Strikes out swinging
Batting: RHB Chris Henderson 0-0: Foul Ball, location: 2F
0-1: Swinging Strike
0-2: SINGLE (Line Drive, 6MD)
Henrique Shearman to second
Batting: RHB Keith MacKey 0-0: Ground out 5-3 (Groundball, 5S)
Henrique Shearman to third
Chris Henderson to second
Batting: SHB Alonso Solís 0-0: Foul Ball, location: 2F
0-1: Foul Ball, location: 2F
0-2: Strikes out swinging
Top of the 3rd over - 0 run(s), 1 hit(s), 0 error(s), 2 left on base; Scranton 0 - Brinkley 0
BOTTOM OF THE 3RD
Brinkley Belugas batting - Pitching for Scranton Supernovas : LHP Sammy Nash
Batting: LHB Mike Cook 0-0: Ball
1-0: Fly out, F9 (Flyball, 9LS)
Batting: RHB Manny Martínez 0-0: Ball
1-0: Fly out, F8 (Flyball, 8LS)
Batting: RHB Randy Tucker 0-0: Ball
1-0: Fly out, F7 (Flyball, 7LM)
Bottom of the 3rd over - 0 run(s), 0 hit(s), 0 error(s), 0 left on base; Scranton 0 - Brinkley 0
TOP OF THE 4TH
Scranton Supernovas batting - Pitching for Brinkley Belugas : LHP Terry King
Batting: RHB Ethan Stanford 0-0: Ball
1-0: Foul Ball, location: 2F
1-1: Called Strike
1-2: Ball
2-2: Ball
3-2: Ground out 5-3 (Groundball, 56)
Batting: RHB Martín Álvarez 0-0: Ball
1-0: Ball
2-0: Ball
3-0: Base on Balls
Batting: LHB Steven Johnson 0-0: Ball
1-0: Swinging Strike
1-1: Ball
2-1: SINGLE (Groundball, 6M)
Martín Álvarez to second
Batting: LHB Pedro López 0-0: Called Strike
0-1: Foul Ball, location: 2F
0-2: Foul Ball, location: 2F
0-2: Foul Ball, location: 2F
0-2: Ball
1-2: Ball
2-2: Fly out, F8 (Flyball, 78M)
Batting: RHB Henrique Shearman 0-0: Ball
1-0: Ball
2-0: DOUBLE (Line Drive, 5D)
Martín Álvarez scores
Steven Johnson to third
Runner from 3rd tries for Home, SAFE, no throw or cutoff
Batting: LHB Neal Hart 0-0: Ball
1-0: Called Strike
1-1: Foul Ball, location: 2F
1-2: Ground out 4-3 (Groundball, 4)
Top of the 4th over - 2 run(s), 2 hit(s), 0 error(s), 1 left on base; Scranton 2 - Brinkley 0
BOTTOM OF THE 4TH
Brinkley Belugas batting - Pitching for Scranton Supernovas : LHP Sammy Nash
Batting: RHB Alfonso Enríquez 0-0: Ball
1-0: Ball
2-0: Ball
3-0: Called Strike
3-1: Base on Balls
Batting: RHB Sergio Ortíz 0-0: Foul Ball, location: 2F
0-1: Ball
1-1: Ball
2-1: Fly out, F9 (Flyball, 9D)
Batting: RHB Pablo Alyala 0-0: Called Strike
0-1: Ball
1-1: Ball
2-1: Fly out, F3 (Popup, 3F)
Batting: RHB Reggie Kahn 0-0: Ball
1-0: Ball
2-0: Foul Ball, location: 2F
2-1: DOUBLE (Flyball, 89D)
Alfonso Enríquez to third
Batting: RHB Arturo Read 0-0: Ball
1-0: Swinging Strike
1-1: Ground out 6-3 (Groundball, 56)
Bottom of the 4th over - 0 run(s), 1 hit(s), 0 error(s), 2 left on base; Scranton 2 - Brinkley 0
TOP OF THE 5TH
Scranton Supernovas batting - Pitching for Brinkley Belugas : LHP Terry King
Batting: RHB Chris Henderson 0-0: SINGLE (Line Drive, 6MD)
Batting: RHB Keith MacKey 0-0: Called Strike
0-1: Called Strike
0-2: Foul Ball, location: 2F
0-2: Ball
1-2: Ball
2-2: Foul Ball, location: 2F
2-2: Ball
3-2: Foul Ball, location: 2F
3-2: Grounds into double play, 5-4-3 (Groundball, 56)
Batting: SHB Alonso Solís 0-0: Called Strike
0-1: Ball
1-1: Ball
2-1: Foul Ball, location: 2F
2-2: Ball
3-2: Ground out 6-3 (Groundball, 6)
Top of the 5th over - 0 run(s), 1 hit(s), 0 error(s), 0 left on base; Scranton 2 - Brinkley 0
BOTTOM OF THE 5TH
Brinkley Belugas batting - Pitching for Scranton Supernovas : LHP Sammy Nash
Batting: RHB Jaime López 0-0: Ball
1-0: Ground out 5-3 (Groundball, 56)
Batting: LHB Mike Cook 0-0: Ball
1-0: Ball
2-0: Called Strike
2-1: Swinging Strike
2-2: Strikes out swinging
Batting: RHB Manny Martínez 0-0: SINGLE (Groundball, 34)
Batting: RHB Randy Tucker 0-0: Foul Ball, location: 2F
0-1: Ball
1-1: Ball
2-1: Fly out, F4 (Line Drive, 4)
Bottom of the 5th over - 0 run(s), 1 hit(s), 0 error(s), 1 left on base; Scranton 2 - Brinkley 0
TOP OF THE 6TH
Scranton Supernovas batting - Pitching for Brinkley Belugas : LHP Terry King
Pitching: RHP Chang-keun Hyon
Batting: RHB Ethan Stanford 0-0: Foul Ball, location: 2F
0-1: Ball
1-1: Ball
2-1: Ball
3-1: Foul Ball, location: 2F
3-2: Base on Balls
Batting: RHB Martín Álvarez 0-0: Fly out, F9 (Line Drive, 9S)
Batting: LHB Steven Johnson 0-0: Ball
1-0: Called Strike
1-1: Ball
2-1: Ball
3-1: Base on Balls
Ethan Stanford to second
Batting: LHB Pedro López 0-0: Called Strike
0-1: Ball
1-1: Called Strike
1-2: Ball
2-2: Strikes out swinging
Batting: RHB Henrique Shearman 0-0: Called Strike
0-1: Ball
1-1: Foul Ball, location: 2F
1-2: Foul Ball, location: 2F
1-2: Ball
2-2: Ball
3-2: Base on Balls
Ethan Stanford to third
Steven Johnson to second
Batting: LHB Neal Hart 0-0: Called Strike
0-1: DOUBLE (Line Drive, 7LM)
Ethan Stanford scores
Steven Johnson scores
Henrique Shearman to third
Batting: RHB Chris Henderson 0-0: Ball
1-0: Fly out, F9 (Flyball, 89S)
Top of the 6th over - 2 run(s), 1 hit(s), 0 error(s), 2 left on base; Scranton 4 - Brinkley 0
BOTTOM OF THE 6TH
Brinkley Belugas batting - Pitching for Scranton Supernovas : LHP Sammy Nash
Batting: RHB Alfonso Enríquez 0-0: Fly out, F7 (Popup, 7S)
Batting: RHB Sergio Ortíz 0-0: Ball
1-0: Fly out, F8 (Flyball, 8RM)
Batting: RHB Pablo Alyala 0-0: Ball
1-0: DOUBLE (Flyball, 8RXD)
Batting: RHB Reggie Kahn 0-0: Ball
1-0: Ball
2-0: Ball
3-0: Called Strike
3-1: Called Strike
3-2: Base on Balls
Batting: RHB Arturo Read 0-0: Ball
1-0: Fly out, F8 (Line Drive, 8RM)
Bottom of the 6th over - 0 run(s), 1 hit(s), 0 error(s), 2 left on base; Scranton 4 - Brinkley 0
TOP OF THE 7TH
Scranton Supernovas batting - Pitching for Brinkley Belugas : RHP Chang-keun Hyon
Batting: RHB Keith MacKey 0-0: SINGLE (Popup, 8RS)
Batting: SHB Alonso Solís 0-0: Sac Bunt - play at first, batter OUT! 1-3
Keith MacKey to second
Batting: RHB Ethan Stanford 0-0: Ball
1-0: Called Strike
1-1: Ball
2-1: Foul Ball, location: 2F
2-2: Ball
3-2: Foul Ball, location: 2F
3-2: Base on Balls
Batting: RHB Martín Álvarez 0-0: Grounds into double play, 6-4-3 (Groundball, 6M)
Top of the 7th over - 0 run(s), 1 hit(s), 0 error(s), 1 left on base; Scranton 4 - Brinkley 0
BOTTOM OF THE 7TH
Brinkley Belugas batting - Pitching for Scranton Supernovas : LHP Sammy Nash
Batting: RHB Jaime López 0-0: Swinging Strike
0-1: Foul Ball, location: 2F
0-2: Fly out, F8 (Flyball, 8RM)
Batting: LHB Mike Cook 0-0: SINGLE (Groundball, 34D)
Batting: RHB Manny Martínez 0-0: Ball
Wild Pitch!
Mike Cook to second
1-0: Called Strike
1-1: Foul Ball, location: 2F
1-2: Strikes out swinging
Batting: RHB Randy Tucker 0-0: Ball
1-0: Ground out 5-3 (Groundball, 5)
Bottom of the 7th over - 0 run(s), 1 hit(s), 0 error(s), 1 left on base; Scranton 4 - Brinkley 0
TOP OF THE 8TH
Scranton Supernovas batting - Pitching for Brinkley Belugas : RHP Chang-keun Hyon
Batting: LHB Steven Johnson 0-0: Ball
1-0: SINGLE (Line Drive, 6MD)
Batting: LHB Pedro López 0-0: Ball
1-0: Sac Bunt - play at first, batter OUT! 1-4
Steven Johnson to second
Batting: RHB Henrique Shearman 0-0: Called Strike
0-1: Ball
1-1: Ground out 6-3 (Groundball, 6M)
Steven Johnson to third
Batting: LHB Neal Hart 0-0: Called Strike
0-1: Ball
1-1: Foul Ball, location: 2F
1-2: Foul Ball, location: 2F
1-2: SINGLE (Line Drive, 6MD)
Steven Johnson scores
Pitching: RHP Hubert Dunham
Batting: RHB Chris Henderson 0-0: Foul Ball, location: 2F
0-1: Fly out, F4 (Popup, 4)
Top of the 8th over - 1 run(s), 2 hit(s), 0 error(s), 1 left on base; Scranton 5 - Brinkley 0
BOTTOM OF THE 8TH
Brinkley Belugas batting - Pitching for Scranton Supernovas : LHP Sammy Nash
Batting: RHB Alfonso Enríquez 0-0: SINGLE (Flyball, 78S)
Batting: RHB Sergio Ortíz 0-0: Ball
1-0: Ball
2-0: Called Strike
2-1: Ball
3-1: Foul Ball, location: 2F
3-2: Fly out, F9 (Flyball, 9M)
3-2: Fly out, F9 (Flyball, 9M)
Batting: RHB Pablo Alyala 0-0: Ball
1-0: Called Strike
1-1: Swinging Strike
1-2: Ball
2-2: Foul Ball, location: 2F
2-2: Foul Ball, location: 2F
2-2: Ball
3-2: Foul Ball, location: 2F
3-2: Fly out, F3 (Popup, 9LSF)
Batting: RHB Reggie Kahn 0-0: Foul Ball, location: 2F
0-1: Called Strike
0-2: Ball
1-2: Foul Ball, location: 2F
1-2: Strikes out swinging
Bottom of the 8th over - 0 run(s), 1 hit(s), 0 error(s), 1 left on base; Scranton 5 - Brinkley 0
TOP OF THE 9TH
Scranton Supernovas batting - Pitching for Brinkley Belugas : RHP Hubert Dunham
Batting: RHB Keith MacKey 0-0: Ball
1-0: Ground out 5-3 (Groundball, 5)
Batting: SHB Alonso Solís 0-0: SINGLE (Groundball, 4MD)
Batting: RHB Ethan Stanford 0-0: Called Strike
Alonso Solís steals 2nd base
0-1: Ball
Wild Pitch!
Alonso Solís to third
1-1: Called Strike
1-2: Ball
2-2: Strikes out swinging
Batting: RHB Martín Álvarez 0-0: Ball
1-0: Fly out, F9 (Flyball, 9M)
Top of the 9th over - 0 run(s), 1 hit(s), 0 error(s), 1 left on base; Scranton 5 - Brinkley 0
BOTTOM OF THE 9TH
Brinkley Belugas batting - Pitching for Scranton Supernovas : LHP Sammy Nash
Now at 2B: Neil Nash
Now in LF: Mark Evans
Batting: RHB Arturo Read 0-0: Ball
1-0: Foul Ball, location: 2F
1-1: Foul Ball, location: 2F
1-2: Foul Ball, location: 2F
1-2: Foul Ball, location: 2F
1-2: Strikes out swinging
Pitching: LHP Pedro Garza
Batting: RHB Jaime López 0-0: Fly out, F7 (Flyball, 78M)
Batting: LHB Mike Cook 0-0: Called Strike
0-1: Ball
1-1: Swinging Strike
1-2: Foul Ball, location: 2F
1-2: Foul Ball, location: 2F
1-2: Fly out, F9 (Flyball, 89M)
Bottom of the 9th over - 0 run(s), 0 hit(s), 0 error(s), 0 left on base; Scranton 5 - Brinkley 0
This league is powered by Out of the Park Baseball, the baseball management simulation game for PC, Mac and Linux
Monday, October 3rd, 2016 - OOTP Baseball 16.9 Build 39